 Dungeon Crawl Stone Soup version 0.19.0-1-g5985abe (webtiles) character file.

37 tyranidshit the Skirmisher (level 3, -2/31 HPs)
             Began as a Demonspawn Abyssal Knight on Nov 2, 2016.
             Was a Follower of Lugonu.
             Slain by a leopard gecko (3 damage)
             ... on level 2 of the Dungeon.
             The game lasted 00:02:45 (1131 turns).

tyranidshit the Skirmisher (DsAK)                   Turns: 1131, Time: 00:02:46

Health: -2/31      AC:  3    Str: 13    XL:     3   Next: 21%
Magic:  4/4        EV:  6    Int: 13    God:    Lugonu [*.....]
Gold:   90         SH:  0    Dex: 12    Spells: 0 memorised, 2 levels left

rFire  . . .     SeeInvis .     f - +0 broad axe
rCold  . . .     Gourm    .     d - +0 chain mail
rNeg   . . .     Faith    .     (no shield)
rPois  .         Spirit   .     (no helmet)
rElec  .         Reflect  .     (no cloak)
rCorr  .         Harm     .     (no gloves)
MR     .....                    (no boots)
Stlth  ..........               (no amulet)
                                (no ring)
                                g - -5 ring of protection (curse)

@: no status effects
A: claws 1
a: Depart the Abyss, Renounce Religion


You were on level 2 of the Dungeon.
You worshipped Lugonu.
Lugonu was aware of your devotion.
You were not hungry.

You visited 1 branch of the dungeon, and saw 2 of its levels.
You visited the Abyss 1 time.

You collected 90 gold pieces.

Inventory:

Hand Weapons
 a - a +1 hand axe
 f - a +0 broad axe (weapon)
Armour
 b - a +0 leather armour
 d - a +0 chain mail (worn)
Jewellery
 g - a cursed -5 ring of protection (left claw)
Wands
 e - a wand of confusion (26/48)
Scrolls
 i - 3 scrolls of recharging
Comestibles
 c - a bread ration
 j - a slice of pizza


   Skills:
 + Level 4.3 Fighting
 - Level 1.7 Axes
 - Level 1.7 Armour
 - Level 0.8 Dodging
 - Level 2.4 Invocations


You had 2 spell levels left.
You didn't know any spells.

Dungeon Overview and Level Annotations

Branches:
Dungeon (2/15)

Altars:
Ashenzari


Innate Abilities, Weirdness & Mutations

You have sharp fingernails.


Message History

You are too injured to fight recklessly!
Unknown command.
You are too injured to fight recklessly!
You miss the leopard gecko.
Your chain mail prevents you from hitting the leopard gecko.
The leopard gecko bites you.
* * * LOW HITPOINT WARNING * * *
The leopard gecko bites you.
* * * LOW HITPOINT WARNING * * *
The leopard gecko barely misses you. The leopard gecko closely misses you.
The leopard gecko barely misses you.
The leopard gecko bites you but does no damage.
You closely miss the leopard gecko. The leopard gecko bites you.
* * * LOW HITPOINT WARNING * * *
Your chain mail prevents you from hitting the leopard gecko.
The leopard gecko bites you but does no damage.
The leopard gecko closely misses you.
Unknown command.
The leopard gecko bites you.
You die...

#.............
#.......).....
#.............
#.............
####'#'####+##
#.#.#
#.#.########
#.#.........
#.#@........
#.#l########
#.#l#
#.#.#######
#........
#........
#.......(
.........
##........


You could see 2 leopard geckos.

Vanquished Creatures
  2 giant cockroaches
  3 goblins
  8 hobgoblins (D:1)
  5 jackals (D:1)
  A ball python (D:1)
  5 bats
  A frilled lizard (D:1)
  7 kobolds (D:1)
  2 rats (D:1)
34 creatures vanquished.

Notes
Turn   | Place    | Note
-------+----------+-------------------------------------------
     0 | Abyss:1  | tyranidshit the Demonspawn Abyssal Knight began the quest for the Orb.
     0 | Abyss:1  | Reached XP level 1. HP: 18/18 MP: 2/2
    44 | Abyss:2  | Noticed a large abomination
    59 | Abyss:2  | Noticed a thrashing horror
    62 | D:1      | Escaped the Abyss
   294 | D:1      | Reached * piety under Lugonu
   459 | D:1      | Gained mutation: You have sharp fingernails. [demonic ancestry]
   459 | D:1      | Reached XP level 2. HP: 22/24 MP: 3/3
   578 | D:1      | Reached skill level 4 in Fighting
   608 | D:1      | Found a shattered altar of Ashenzari.
   659 | D:1      | Reached XP level 3. HP: 15/30 MP: 4/4
  1128 | D:2      | HP: 1/31 [leopard gecko (4)]
  1131 | D:2      | Slain by a leopard gecko

Skill      XL: |  1  2 |
---------------+-------+-----
Fighting       | 4 |  4.3
Axes           | |  1.7
Armour         | |  1.7
Dodging        | |  0.8
Invocations    | |  2.4

Action                   || total
-------------------------++-------
Melee: Broad axe         ||   117
Invok: Depart the Abyss  ||     1
  Use: Scroll            ||     3
       Potion            ||     1
  Eat: Bread ration      ||     1
Armor: Chain mail        ||   123
Dodge: Dodged            ||    71
